 Dungeon Crawl Stone Soup version 0.19.0 (webtiles) character file.

856 Franakus the Stinger (level 8, -3/50 HPs)
             Began as an Octopode Venom Mage on Nov 1, 2016.
             Was an Initiate of Sif Muna.
             Slain by an ice beast (4 damage)
             ... on level 5 of the Dungeon.
             The game lasted 00:35:36 (3260 turns).

Franakus the Stinger (Octopode Venom Mage)          Turns: 3260, Time: 00:35:37

Health: -3/50      AC:  1    Str:  8    XL:     8   Next: 2%
Magic:  11/14      EV: 14    Int: 19    God:    Sif Muna [......]
Gold:   171        SH:  0    Dex: 12    Spells: 2 memorised, 11 levels left

rFire  + + .     SeeInvis .     d - +0 short sword
rCold  + . .     Gourm    .     (no shield)
rNeg   . . .     Faith    .     (helmet restricted)
rPois  +         Spirit   .     (no amulet)
rElec  +         Reflect  .     h - ring of protection from cold
rCorr  +         Harm     .     w - ring of fire
MR     .....                    (no ring)
Stlth  ++++......               (no ring)
                                (no ring)
                                (no ring)
                                (no ring)
                                (no ring)

@: resistant
A: almost no armour, stealthy swim, amphibious, 8 rings, constrict 8, camouflage
1, gelatinous body 1
a: Renounce Religion


You were on level 5 of the Dungeon.
You worshipped Sif Muna.
Sif Muna was noncommittal.
You were not hungry.

You visited 1 branch of the dungeon, and saw 5 of its levels.

You collected 171 gold pieces.

Inventory:

Hand Weapons
 d - a +0 short sword (weapon)
 e - a +2 whip of freezing
 k - a +1 vampiric dagger
Missiles
 f - 128 stones (quivered)
 g - 86 sling bullets
Jewellery
 h - a ring of protection from cold (left tentacle)
 w - a ring of fire (right tentacle)
Wands
 s - a wand of random effects (7/48)
Scrolls
 c - 3 scrolls of enchant weapon {unknown}
 l - 5 scrolls of teleportation {unknown}
 m - 3 scrolls of identify {unknown}
 n - 4 scrolls of random uselessness {unknown}
 o - a scroll of remove curse {unknown}
 t - 4 scrolls of recharging {unknown}
 u - a scroll of magic mapping {unknown}
 x - a scroll of acquirement {unknown}
Potions
 j - a potion of mutation {unknown}
 r - a potion of agility
 v - a potion of might {unknown}
Books
 a - a Young Poisoner's Handbook

   Spells                             Type                      Level
   a - Sting                          Conjuration/Poison           1
   b - Mephitic Cloud                 Conjuration/Poison/Air       3
   c - Olgreb's Toxic Radiance        Poison                       4
   d - Alistair's Intoxication        Transmutation/Poison         5
   e - Venom Bolt                     Conjuration/Poison           5
Comestibles
 b - 4 bread rations
 i - 2 chunks of flesh
 p - a beef jerky


   Skills:
 + Level 2.1 Fighting
 - Level 0.2 Short Blades
 + Level 2.9 Dodging
 + Level 4.6 Stealth
 + Level 4.4 Spellcasting
 + Level 3.2 Conjurations
 + Level 7.5 Poison Magic
 + Level 1.2 Evocations


You had 11 spell levels left.
You knew the following spells:

 Your Spells              Type           Power        Failure   Level  Hunger
a - Sting                 Conj/Pois      ###.         1%          1    None
b - Mephitic Cloud        Conj/Pois/Air  ###.....     12%         3    ###....


Dungeon Overview and Level Annotations

Branches:
Dungeon (5/15)
 Temple: D:4-7

Altars:
Cheibriados
Elyvilon
Gozag
Hepliaklqana
Makhleb
Sif Muna
Vehumet
Xom

Shops:
D:5 }


Innate Abilities, Weirdness & Mutations

You cannot wear most types of armour.
You are very stealthy in the water. (Stealth+)
You are amphibious.
You can wear up to eight rings at the same time.
You can use your tentacles to constrict eight enemies at once.
Your skin changes colour to match your surroundings (Stealth+).
Your rubbery body absorbs attacks. (AC +1, EV +1)


Message History

You hit the ice beast but do no damage.
You squeeze the ice beast, but do no damage.
The ice beast is lightly wounded.
The ice beast closely misses you.
Casting: Sting
Confirm with . or Enter, or press ? or * to list all spells.
Aiming: Sting
Press: ? - help, Shift-Dir - straight line, f/p - ice beast
Aim: an ice beast (lightly wounded)
The sting hits the ice beast.
The ice beast completely resists.
The ice beast is lightly wounded.
The ice beast hits you. The ice beast freezes you!
* * * LOW HITPOINT WARNING * * *
Unknown command.
It was a potion of resistance.
You feel protected. The ice beast hits you.
* * * LOW HITPOINT WARNING * * *
The ice beast freezes you. You resist.
You die...

.# ### #.# ##
#@## #.###.#
##Y##### #....#
##....## #..##
#.[...#####...##
#..._...##.....#
##._..._.#.......
#.........†......
#._..8.._........
#...........####.


You could see an ice beast.

Vanquished Creatures
  Pikel (D:5)
  2 slaves (D:5)
  2 scorpions (D:4)
  A howler monkey (D:5)
  2 orc priests
  2 orc wizards
  An iguana (D:5)
  A hound skeleton (D:4)
  4 gnolls (D:4)
  5 adders
  A shadow imp (D:5)
  4 worms
  A leopard gecko (D:1)
  6 orcs
  3 giant cockroaches
  6 goblins
  2 hobgoblins
  10 jackals
  5 kobolds
  A quokka (D:4)
  2 ball pythons
  8 bats
  2 frilled lizards (D:2)
  7 rats
79 creatures vanquished.

Vanquished Creatures (others)
  A slave (D:5)
  An adder zombie (D:5)
2 creatures vanquished.

Grand Total: 81 creatures vanquished

Notes
Turn   | Place    | Note
-------+----------+-------------------------------------------
     0 | D:1      | Franakus the Octopode Venom Mage began the quest for the Orb.
     0 | D:1      | Reached XP level 1. HP: 11/11 MP: 3/3
    45 | D:1      | Reached skill level 5 in Poison Magic
   225 | D:1      | Reached XP level 2. HP: 16/17 MP: 5/5
   493 | D:2      | Found a burning altar of Makhleb.
   541 | D:2      | Reached XP level 3. HP: 21/21 MP: 4/6
   546 | D:2      | Learned a level 3 spell: Mephitic Cloud
   909 | D:2      | Reached XP level 4. HP: 15/27 MP: 5/8
  1257 | D:3      | Reached skill level 1 in Fighting
  1812 | D:4      | Reached skill level 1 in Conjurations
  1833 | D:4      | Reached XP level 5. HP: 31/33 MP: 0/9
  1946 | D:4      | Reached skill level 6 in Poison Magic
  2143 | D:4      | Reached XP level 6. HP: 38/38 MP: 5/11
  2792 | D:5      | Entered Level 5 of the Dungeon
  2810 | D:5      | Noticed a slave
  2888 | D:5      | Found a hazy altar of Hepliaklqana.
  2889 | D:5      | Found a white marble altar of Elyvilon.
  2891 | D:5      | Found a radiant altar of Vehumet.
  2891 | D:5      | Found an opulent altar of Gozag.
  2891 | D:5      | Found a burning altar of Makhleb.
  2893 | D:5      | Found a snail-covered altar of Cheibriados.
  2893 | D:5      | Found a shimmering altar of Xom.
  2894 | D:5      | Found a deep blue altar of Sif Muna.
  3113 | D:5      | Became a worshipper of Sif Muna the Loreminder
  3117 | D:5      | Noticed a slave
  3135 | D:5      | Noticed a slave
  3140 | D:5      | Noticed a slave
  3141 | D:5      | Noticed Pikel
  3157 | D:5      | Killed a slave
  3157 | D:5      | Killed a slave
  3165 | D:5      | Killed Pikel
  3165 | D:5      | Reached skill level 7 in Poison Magic
  3165 | D:5      | Reached skill level 1 in Evocations
  3165 | D:5      | Reached XP level 7. HP: 11/45 MP: 7/13
  3165 | D:5      | Reached XP level 8. HP: 12/50 MP: 7/14
  3193 | D:5      | Found Kyeny's Gadget Boutique.
  3259 | D:5      | HP: 2/50 [ice beast (14)]
  3260 | D:5      | Slain by an ice beast

Skill      XL: |  1  2  3  4  5  6 |
---------------+-------------------+-----
Poison Magic   | 5 6 7 |  7.5
Stealth        | 3 4 |  4.6
Fighting       | 1 2 |  2.1
Conjurations   | 1 3 |  3.2
Spellcasting   | 3 4 |  4.4
Evocations     | 1 |  1.2
Short Blades   | |  0.2
Dodging        | |  2.9

Action                   |  1- 3 |  4- 6 |  7- 9 || total
-------------------------+-------+-------+-------++-------
Melee: Short sword       |    29 |    67 |     5 ||   101
       Constrict         |     7 |    16 |       ||    23
       Tentacles         |     3 |    13 |     2 ||    18
Throw: Stone             |       |     2 |       ||     2
 Cast: Sting             |    41 |    87 |     7 ||   135
Evoke: Wand              |       |     8 |       ||     8
  Use: Potion            |       |     3 |     1 ||     4
 Stab: Sleeping          |     2 |     2 |       ||     4
  Eat: Chunk             |       |     7 |     1 ||     8
Armor: Skin              |     6 |     4 |       ||    10
Dodge: Dodged            |    29 |    55 |     3 ||    87
